 Dungeon Crawl Stone Soup version 0.23.0-42-geed6394480 (webtiles) character file.

Game seed: 7003891247454796857

562 Danqa the Chopper (level 7, 0/61 HPs)
             Began as a Hill Orc Monk on Mar 1, 2019.
             Slain by Prince Ribbit the wyvern (11 damage)
             ... on level 5 of the Dungeon.
             The game lasted 00:11:53 (5476 turns).

Danqa the Chopper (Hill Orc Monk)                   Turns: 5476, Time: 00:11:54

Health: 0/61       AC:  9    Str: 16    XL:     7   Next: 32%
Magic:  7/7        EV: 11    Int: 10    God:
Gold:   385        SH:  0    Dex: 13    Spells: 6/6 levels left

rFire    . . .     SeeInvis .   a - +0 hand axe
rCold    . . .     Gourm    .   (no shield)
rNeg     . . .     Faith    .   q - +0 scale mail
rPois    .         Spirit   .   (no helmet)
rElec    .         Reflect  .   s - +0 cloak
rCorr    .         Harm     .   (no gloves)
MR       +....                  y - +0 pair of boots
Stlth    ..........             v - amulet of the acrobat
HPRegen  0.20/turn              f - ring of protection from magic
MPRegen  0.10/turn              (no ring)

@: no status effects
A: no striking features
a: no special abilities


You were on level 5 of the Dungeon.
You were very hungry.

You visited 1 branch of the dungeon, and saw 5 of its levels.

You collected 385 gold pieces.

Inventory:

Hand Weapons
 a - a +0 hand axe (weapon)
Missiles
 B - a throwing net (quivered)
Armour
 b - a +0 robe
 i - a +0 plate armour
 o - a +0 leather armour
 q - a +0 scale mail (worn)
 s - a +0 cloak (worn)
 y - a +0 pair of boots (worn)
Jewellery
 f - a ring of protection from magic (left hand)
 v - an amulet of the acrobat (around neck)
Wands
 D - a wand of polymorph (5)
Scrolls
 d - 3 scrolls of teleportation
 e - a scroll of fear {unknown}
 k - 3 scrolls of remove curse
 l - 4 scrolls of identify {unknown}
 p - 2 scrolls of fog {unknown}
 r - 2 scrolls of enchant armour {unknown}
 t - a scroll of amnesia {unknown}
 z - a scroll of enchant weapon {unknown}
 A - a scroll of immolation {unknown}
Potions
 g - 2 potions of haste
 j - 2 potions of agility {unknown}
 m - 2 potions of curing {unknown}
 n - a potion of berserk rage {unknown}
 u - a potion of degeneration {unknown}
 w - a potion of brilliance {unknown}
 x - a potion of lignification {unknown}
 C - a potion of might {unknown}
Comestibles
 c - 6 rations


   Skills:
 + Level 5.2 Fighting
 + Level 6.8 Axes
 * Level 5.1 Armour
 + Level 3.1 Dodging
 - Level 1.6 Stealth


You had 6 spell levels left.
You didn't know any spells.
Your spell library contained the following spells:

 Spells                   Type           Power        Failure   Level  Hunger
 Beastly Appendage        Tmut           #.....       77%         1    ##.....
 Sticks to Snakes         Tmut           #.......     88%         2    ###....
 Spider Form              Tmut/Pois      #.........   98%         3    ####...
 Ice Form                 Ice/Tmut       #.......     100%        4    #####..
 Blade Hands              Tmut           #.........   100%        5    ######.


Dungeon Overview and Level Annotations

Branches:
Dungeon (5/15)
 Temple: D:4-7

Altars:
Elyvilon
Ru
Sif Muna
Uskayaw
Wu Jian

Shops:
D:5 :

Annotations:
D:5 Prince Ribbit


Message History

Prince Ribbit closely misses you.
You closely miss Prince Ribbit.
Prince Ribbit is severely wounded.
Prince Ribbit bites you!
* * * LOW HITPOINT WARNING * * *
Prince Ribbit bites you.
* * * LOW HITPOINT WARNING * * *
You feel much better. Prince Ribbit bites you.
You hit Prince Ribbit but do no damage.
Prince Ribbit is heavily wounded.
Prince Ribbit barely misses you.
Prince Ribbit bites you but does no damage.
You hit Prince Ribbit.
Prince Ribbit is severely wounded.
Prince Ribbit bites you!
* * * LOW HITPOINT WARNING * * *
You hit Prince Ribbit but do no damage.
Prince Ribbit is severely wounded.
Prince Ribbit bites you!
You die...

#.# #....# #.#
#....# #.# #....#
#.####....#
#....#.....
####.....#. #####...
################....
#.l@.....[........##
#.#####.###########
#.# #.# #.# #.# #.#
#.# #.# #.# #.# #.#
#.# ##.## #.# #...#


You could see Prince Ribbit the wyvern.

Vanquished Creatures
  2 howler monkeys (D:4)
  A bullfrog zombie (D:5)
  A centaur zombie (D:5)
  A crimson imp (D:5)
  A jelly (D:5)
  An iguana (D:5)
  2 orc wizards
  5 worker ants
  A howler monkey skeleton (D:4)
  4 gnolls
  3 adders
  An adder zombie (D:5)
  3 dart slugs
  3 leopard geckos
  8 orcs
  A ball python (D:4)
  6 giant cockroaches
  9 goblins
  5 hobgoblins
  2 jackals (D:1)
  5 kobolds
  A quokka (D:5)
  A ball python skeleton (D:5)
  3 bats
  5 frilled lizards
  A leopard gecko skeleton (D:5)
  4 rats
80 creatures vanquished.

Vanquished Creatures (others)
  A rat (D:2)
1 creature vanquished.

Grand Total: 81 creatures vanquished

Notes
Turn   | Place    | Note
-------+----------+-------------------------------------------
     0 | D:1      | Danqa the Hill Orc Monk began the quest for the Orb.
     0 | D:1      | Reached XP level 1. HP: 19/19 MP: 1/1
    71 | D:1      | Reached XP level 2. HP: 25/27 MP: 2/2
   376 | D:1      | Reached XP level 3. HP: 27/33 MP: 3/3
   778 | D:2      | Found a hide-covered altar of Uskayaw.
   883 | D:2      | Found a white marble altar of Elyvilon.
   938 | D:2      | Found a deep blue altar of Sif Muna.
  1144 | D:2      | Found a faded altar of an unknown god.
  1433 | D:3      | Found a sacrificial altar of Ru.
  1707 | D:3      | Reached skill level 1 in Armour
  1707 | D:3      | Reached XP level 4. HP: 40/41 MP: 4/4
  2070 | D:3      | Reached skill level 5 in Axes
  2273 | D:4      | Reached XP level 5. HP: 20/47 MP: 5/5
  2589 | D:4      | Noticed an ogre
  3989 | D:4      | Found an ornate altar of the Wu Jian Council.
  3999 | D:4      | Reached XP level 6. HP: 55/55 MP: 6/6
  4021 | D:4      | Reached skill level 6 in Axes
  4329 | D:5      | Entered Level 5 of the Dungeon
  4346 | D:5      | Reached skill level 5 in Fighting
  4817 | D:5      | Reached XP level 7. HP: 58/61 MP: 7/7
  4850 | D:5      | Noticed Prince Ribbit
  5212 | D:5      | Reached skill level 5 in Armour
  5237 | D:5      | Found Fuqaed's Book Shop.
  5465 | D:5      | Noticed Prince Ribbit
  5465 | D:5      | Prince Ribbit changed into Prince Ribbit the wyvern
  5476 | D:5      | Slain by Prince Ribbit the wyvern

Skill      XL: |  1  2  3  4  5  6  7 |
---------------+----------------------+-----
Fighting       | 4 5 |  5.2
Armour         | 1 2 3 4 5 |  5.1
Axes           | 5 6 |  6.8
Dodging        | 3 |  3.1
Stealth        | |  1.6

Action                   |  1- 3 |  4- 6 |  7- 9 || total
-------------------------+-------+-------+-------++-------
Melee: Hand axe          |   134 |   227 |    82 ||   443
Evoke: Wand              |       |       |     1 ||     1
  Use: Scroll            |       |     2 |     1 ||     3
       Potion            |       |       |     3 ||     3
 Stab: Distracted        |       |     1 |       ||     1
  Eat: Ration            |     1 |     3 |       ||     4
Armor: Robe              |    11 |       |       ||    11
       Plate armour      |    36 |       |       ||    36
       Scale mail        |     5 |    72 |    25 ||   102
       Leather armour    |     1 |       |       ||     1
Dodge: Dodged            |    72 |   118 |    49 ||   239
